AoeStats
← Maestro

QS Arena

503681691Analyzed
1v1 RM · 1mo ago on Sep 1, 2026· 42m 37s· 2 players
Game mode
Random Map
Map size
Tiny (2 player)
Population
200
Speed
Normal
Resources
Standard
Victory
Conquest
Starting age
Dark Age
Ending age
Imperial Age
RankedLock teamsTeams togetherTeam positionsShared explorationLock speedFull tech treeHidden civsTurbo modeCheats
Victory
Defeat
🇳🇿 Franks · New Zealand
524
+16
🇷🇺 Teutons · Russia
518
-16
Maestro
11:09 Feudal Age
11:39 Horse Collar
11:47 Double-Bit Axe
11:56 Gold Mining
11:57 Stone Mining
19:03 Castle Age
19:02 Scale Mail Armor
21:54 Wheelbarrow
21:33 Bow Saw
27:15 Hand Cart
27:30 Sanctity
27:37 Sanctity
32:56 Imperial Age
32:07 Ballistics
34:44 Chemistry
35:41 Ironclad
t_Franz
8:03 Feudal Age
13:26 Double-Bit Axe
17:54 Castle Age
17:06 Gold Mining
17:44 Scale Barding Armor
20:59 Bow Saw
23:40 Stone Mining
25:04 Chain Barding Armor
27:22 Wheelbarrow
27:36 Fletching
28:46 Hand Cart
34:24 Imperial Age
35:38 Cavalier
37:58 Ballistics
Connection lost

Rejoining the realm…

Still unreachable

The connection could not be restored.

Session expired

The server has moved on; the page needs a fresh start.